Map: [ESL] Hecate

Players

SKillous - Winner!

  • Race: Protoss Protoss
  • Spawn Location: 7:00

DRG

  • Race: Zerg Zerg
  • Spawn Location: 1:00

Event: ESL SC2 Masters 2023 Winter (Finals)

VOD

Have the link to the VOD?

Description

Time

  • Played on: Dec. 15, 2023, 10:52 a.m.
  • Length: 13:21

All games in this series

Show
View Real Time Build Order
Export as new Build Order

SKillous Protoss - Winner!

Build Orders: 1 Gate Expand, Oracle Opening 

Get SALT Encoding   

  12  0:00  Probe  
  13  0:12  Pylon  
  13  0:17  Probe (Chrono Boost)  
  14  0:27  Probe (Chrono Boost)  
  15  0:32  Probe (Chrono Boost)  
  16  0:41  Gateway  
  16  0:44  Probe  
  16  0:47  Assimilator  
  17  0:56  Probe  
  18  1:08  Probe  
  19  1:20  Probe  
  20  1:26  Nexus  
  20  1:34  Cybernetics Core  
  20  1:39  Probe  
  21  1:44  Assimilator  
  21  1:51  Probe  
  22  1:55  Pylon  
  22  2:04  Probe  
  23  2:11  Adept (Chrono Boost)  
  25  2:16  Probe  
  25  2:18  Stargate  
  26  2:25  Warp Gate  
  26  2:28  Probe (Chrono Boost)  
  27  2:34  Adept  
  29  2:39  Probe (Chrono Boost)  
  31  2:46  Probe (Chrono Boost)  
  31  2:48  Probe (Chrono Boost)  
  32  2:53  Probe x2 (Chrono Boost)  
  34  2:59  Oracle (Chrono Boost)  
  34  3:04  Probe  
  40  3:05  Zealot, Probe  
  40  3:11  Pylon  
  41  3:16  Probe  
  41  3:17  Probe  
  43  3:22  Gateway  
  43  3:26  Oracle (Chrono Boost)  
  43  3:29  Probe  
  43  3:30  Probe  
  48  3:41  Probe, Pylon  
  48  3:42  Probe  
  48  3:53  Oracle (Chrono Boost), Probe  
  48  3:54  Probe  
  51  4:05  Probe  
  51  4:06  Probe  
  51  4:07  Nexus  
  51  4:09  Shield Battery  
  53  4:14  Adept  
  53  4:16  Adept  
  57  4:18  Probe  
  57  4:20  Assimilator  
  57  4:23  Assimilator  
  57  4:24  Pylon  
  58  4:26  Probe  
  58  4:30  Twilight Council  
  59  4:32  Probe  
  60  4:39  Probe  
  60  4:44  Probe  
  59  4:46  Gateway  
  59  4:49  Gateway  
  59  4:50  Gateway  
  59  4:52  Probe  
  60  4:54  Gateway  
  60  4:57  Probe  
  61  5:02  Blink (Chrono Boost)  
  61  5:03  Forge  
  61  5:04  Probe  
  62  5:09  Probe  
  63  5:16  Probe  
  63  5:18  Stalker  
  63  5:21  Probe x2  
  67  5:23  Pylon  
  67  5:26  Stalker  
  70  5:28  Probe  
  70  5:33  Probe x2  
  73  5:36  Protoss Ground Weapons Level 1  
  73  5:40  Probe  
  74  5:45  Probe x2, Stalker x2  
  74  5:47  Stalker  
  74  5:49  Stalker  
  84  5:52  Stalker  
  84  5:54  Probe  
  87  5:59  Stalker  
  87  6:00  Probe  
  91  6:08  Robotics Facility  
  91  6:11  Stalker  
  92  6:14  Assimilator x2, Pylon  
  92  6:15  Pylon  
  92  6:16  Probe  
  93  6:29  Pylon  
  96  6:32  Probe x3  
  96  6:35  Stalker  
  96  6:36  Stalker x5  
  108  6:45  Probe  
  108  6:47  Probe x2, Pylon  
  105  6:57  Probe  
  105  6:59  Robotics Bay, Probe x2  
  102  7:04  Robotics Facility  
  102  7:06  Stalker x6  
  113  7:08  Observer (Chrono Boost)  
  107  7:19  Gateway  
  107  7:21  Gateway  
  107  7:28  Shield Battery  
  107  7:32  Pylon, Stalker  
  107  7:33  Stalker  
  107  7:36  Protoss Ground Weapons Level 2 (Chrono Boost)  
  111  7:40  Stalker  
  111  7:41  Stalker x2  
  111  7:43  Pylon  
  117  7:58  Stalker x3  
  117  8:00  Charge  
  117  8:01  Pylon  
  117  8:03  Colossus (Chrono Boost)  
  117  8:09  Colossus (Chrono Boost)  
  129  8:27  Templar Archives  
  129  8:28  Zealot x4  
  129  8:29  Nexus, Zealot x2  
  129  8:30  Pylon  
  129  8:33  Pylon  
  141  8:39  Extended Thermal Lance  
  133  8:43  Warp Prism (Chrono Boost)  
  132  8:52  Stalker x5  
  132  8:53  Zealot x2  
  131  9:06  Probe  
  132  9:10  Probe  
  133  9:18  High Templar  
  133  9:19  High Templar, Zealot x5  
  133  9:20  Zealot  
  133  9:23  Archon  
  149  9:26  Protoss Ground Armor Level 1 (Chrono Boost)  
  149  9:33  Probe x2  
  149  9:34  Assimilator  
  149  9:36  Assimilator  
  149  9:37  Shield Battery  
  151  9:38  Pylon  
  151  9:39  Photon Cannon  
  151  9:40  Pylon  
  151  9:43  Observer  
  152  9:48  Zealot  
  152  9:49  High Templar x2, Zealot x3  
  152  9:51  Zealot  
  152  9:52  Zealot  
  168  9:53  Archon  
  168  10:03  Probe  
  168  10:05  Probe  
  154  10:09  Gateway  
  154  10:10  Gateway  
  154  10:12  Stalker x2  
  154  10:13  Photon Cannon, Stalker  
  160  10:15  Photon Cannon  
  160  10:17  Shield Battery  
  150  10:22  Stalker x2  
  152  10:29  Colossus (Chrono Boost)  
  158  10:35  Observer (Chrono Boost)  
  158  10:41  Zealot  
  158  10:42  Zealot, High Templar x4  
  168  10:49  Photon Cannon, Archon x2  
  168  10:50  Photon Cannon  
  168  10:55  Zealot x2  
  172  11:00  Probe  
  172  11:01  Shield Battery  
  173  11:05  High Templar x2  
  173  11:06  Zealot x2, Photon Cannon  
  173  11:08  Photon Cannon  
  173  11:09  Archon  
  181  11:12  Pylon x2  
  181  11:21  High Templar x2  
  185  11:27  Psionic Storm  
  185  11:39  Zealot x3  
  181  11:40  Zealot x4  
  181  11:42  Pylon  
  181  11:44  Archon  
  185  11:53  Colossus  
  185  12:00  High Templar x3  
  185  12:10  Photon Cannon  
  185  12:12  Zealot x3  
  185  12:14  High Templar x2  
  185  12:15  Photon Cannon  
  193  12:19  Pylon  
  191  12:26  Nexus  
  191  12:28  Zealot  
  191  12:29  Pylon  
  175  12:40  Stalker x3  
  175  12:41  Zealot x2  
  185  12:47  Zealot x3  
  183  12:54  Zealot x2  
  183  12:58  Photon Cannon  
  179  13:08  Archon x2  
  149  13:18  Zealot x9  
Show
View Real Time Build Order
Export as new Build Order

DRG Zerg 

Build Orders: Hatch First 

Get SALT Encoding   

  12  0:00  Drone  
  13  0:11  Overlord  
  13  0:16  Drone  
  14  0:30  Drone x2  
  14  0:33  Drone  
  17  0:51  Hatchery  
  17  0:54  Drone  
  17  0:57  Drone  
  18  1:05  Drone  
  18  1:08  Extractor  
  18  1:15  Spawning Pool  
  17  1:19  Drone  
  18  1:28  Drone  
  19  1:39  Drone  
  20  1:49  Drone  
  21  2:00  Overlord  
  21  2:02  Queen  
  21  2:03  Queen  
  21  2:04  Drone  
  26  2:12  Metabolic Boost  
  26  2:13  Zergling x2  
  26  2:15  Zergling x2  
  28  2:21  Drone  
  29  2:24  Zergling x2  
  30  2:31  Drone  
  30  2:35  Drone  
  32  2:39  Queen  
  34  2:46  Hatchery  
  34  2:50  Overlord  
  33  2:53  Drone  
  33  2:57  Drone  
  35  3:03  Overlord  
  35  3:05  Drone  
  36  3:08  Queen  
  38  3:14  Drone x3  
  38  3:17  Drone  
  38  3:19  Drone  
  43  3:23  Queen  
  45  3:27  Drone  
  45  3:30  Drone  
  45  3:32  Drone  
  48  3:40  Overlord  
  48  3:43  Drone  
  43  3:48  Drone x5  
  43  3:49  Drone  
  43  3:55  Drone  
  49  3:57  Queen  
  51  4:03  Queen  
  52  4:11  Evolution Chamber  
  52  4:13  Drone  
  52  4:14  Drone  
  52  4:16  Drone  
  54  4:18  Drone  
  54  4:21  Drone x2, Spore Crawler  
  54  4:22  Drone  
  54  4:24  Drone  
  58  4:27  Drone  
  58  4:28  Drone  
  60  4:32  Overlord  
  60  4:37  Zerg Melee Weapons Level 1  
  56  4:44  Drone x4  
  58  4:46  Drone  
  58  4:49  Drone  
  58  4:50  Drone x2  
  62  4:53  Drone  
  62  4:54  Drone  
  64  5:01  Drone  
  64  5:03  Drone  
  64  5:04  Baneling Nest  
  64  5:05  Drone x2  
  67  5:15  Zergling x2  
  67  5:16  Zergling x2  
  67  5:18  Drone x2  
  67  5:20  Drone  
  72  5:27  Lair  
  72  5:29  Overlord  
  72  5:33  Drone  
  72  5:34  Hatchery  
  72  5:35  Overlord  
  72  5:38  Overlord  
  72  5:39  Extractor  
  72  5:40  Zergling x4  
  73  5:43  Drone  
  73  5:44  Overlord x2  
  74  5:50  Drone x7  
  74  5:55  Drone x4  
  85  5:59  Zergling x6  
  85  6:04  Extractor x3  
  86  6:05  Extractor  
  86  6:06  Spore Crawler x2  
  81  6:12  Drone x6  
  81  6:14  Drone  
  81  6:17  Zergling x2  
  89  6:20  Zergling x8  
  89  6:23  Overlord  
  94  6:25  Zergling x4  
  94  6:26  Hydralisk Den  
  94  6:28  Zergling x2  
  94  6:29  Zergling x2  
  94  6:32  Zergling x2  
  96  6:33  Zerg Melee Weapons Level 2  
  96  6:43  Zergling x10  
  96  6:46  Zergling x2  
  97  6:49  Zergling x10  
  97  6:50  Queen x2  
  97  6:53  Zergling x6  
  102  6:54  Queen  
  102  6:58  Zergling x4  
  102  7:01  Zergling x2  
  101  7:02  Grooved Spines  
  98  7:10  Zergling x12  
  103  7:17  Zergling x10  
  103  7:21  Overlord x2  
  103  7:22  Centrifugal Hooks  
  107  7:24  Zergling x6  
  107  7:29  Hydralisk  
  110  7:30  Hydralisk x3  
  118  7:38  Overlord x2  
  118  7:40  Overlord  
  118  7:41  Hydralisk  
  120  7:46  Hydralisk x3  
  125  7:52  Muscular Augments  
  125  7:54  Drone x6  
  131  8:01  Infestation Pit  
  131  8:02  Drone x5  
  131  8:03  Drone  
  136  8:07  Drone x2  
  136  8:08  Hydralisk  
  140  8:13  Hydralisk x2  
  140  8:15  Drone  
  140  8:18  Spore Crawler  
  144  8:26  Zergling x16  
  151  8:31  Extractor  
  148  8:36  Hydralisk x4  
  148  8:37  Hydralisk  
  148  8:42  Zergling x12  
  150  8:52  Hydralisk x5  
  153  8:56  Hive  
  153  8:57  Zerg Missile Weapons Level 1  
  153  8:59  Zergling x4  
  150  9:06  Zergling x14  
  150  9:09  Hydralisk x2  
  146  9:13  Zergling x8  
  148  9:17  Overlord  
  148  9:19  Zergling x8  
  148  9:22  Overlord  
  148  9:24  Overlord  
  152  9:30  Overseer  
  152  9:33  Overlord  
  152  9:36  Hydralisk x3  
  158  9:45  Zergling x18  
  167  9:49  Baneling x8  
  167  9:50  Hatchery  
  166  9:59  Hydralisk x6  
  170  10:10  Viper x2  
  172  10:17  Hydralisk x6  
  181  10:24  Zergling x8  
  181  10:27  Extractor  
  183  10:31  Adrenal Glands  
  182  10:43  Zergling x14  
  182  10:48  Hatchery  
  188  10:50  Hydralisk x2  
  192  10:58  Pneumatized Carapace  
  192  11:02  Lurker Den  
  192  11:03  Drone  
  192  11:05  Baneling x7  
  192  11:07  Overlord x2  
  192  11:17  Overlord  
  192  11:20  Extractor  
  192  11:21  Drone  
  190  11:38  Zergling x2  
  190  11:39  Zergling x16  
  198  11:44  Zergling x2  
  199  11:48  Baneling x12  
  199  11:57  Zergling x4  
  196  12:04  Zergling x8  
  196  12:08  Seismic Spines  
  185  12:38  Viper  
  185  12:42  Zergling x24  
  194  12:49  Zergling x16  
  196  12:54  Zergling x8  
Tags
 
Add a new tag
Caveats
  • Supply blocks, unpowered buildings, or Contaminate may cause inaccurate times.
  • Supply counts are checked every 10 seconds.